 Dungeon Crawl Stone Soup version 0.28-a0-1429-gf3d713df7a (webtiles) character file.

Game seed: 4001279896148392386

452 Gargoyl the Skirmisher (level 7, 0/59 HPs)
             Began as a Gnoll Abyssal Knight on Jan 8, 2022.
             Was a Believer of Lugonu.
             Slain by Pikel (5 damage)
             ... on level 3 of the Dungeon.
             The game lasted 00:05:28 (5580 turns).

Gargoyl the Skirmisher (Gnoll Abyssal Knight)       Turns: 5580, Time: 00:05:28

Health: 0/59       AC:  9    Str: 12 (14) XL:     7   Next: 5%
Magic:  19/19      EV:  6    Int:  8 (10) God:    Lugonu [**....]
Gold:   206        SH:  5    Dex: 11 (12) Spells: 10/10 levels left

rFire   . . .      SeeInvis .   j - +2 war axe (flame)
rCold   . . .      Faith    .   (no shield)
rNeg    . . .      Spirit   .   i - +0 chain mail
rPois   .          Reflect  +   (no helmet)
rElec   .          Harm     .   (no cloak)
rCorr   .          Rampage  .   (no gloves)
Will    .....                   (no boots)
Stlth   ..........              d - amulet of reflection
HPRegen 0.19/turn               f - ring of magical power
MPRegen 0.16/turn               (no ring)

@: no status effects
A: fangs 1, strong nose, distributed training
a: Renounce Religion, Depart the Abyss, Bend Space


You were on level 3 of the Dungeon.
You worshipped Lugonu.
Lugonu was pleased with you.
You visited 1 branch of the dungeon, and saw 4 of its levels.
You visited the Abyss 1 time.

You collected 206 gold pieces.

Inventory:

Hand Weapons
 a - a +1 hand axe
 j - a +2 war axe of flaming (weapon)
Armour
 i - a +0 chain mail (worn)
Jewellery
 d - an amulet of reflection (around neck)
 f - a ring of magical power (left hand)
Wands
 b - a wand of flame (16)
Potions
 c - a potion of flight
 g - 4 potions of brilliance
 h - a potion of curing


   Skills:
 + Level 6.9 Fighting
 + Level 2.2 Short Blades
 + Level 2.2 Long Blades
 + Level 5.1 Axes
 + Level 2.2 Maces & Flails
 + Level 2.2 Polearms
 + Level 2.2 Staves
 + Level 2.2 Slings
 + Level 2.2 Bows
 + Level 2.2 Crossbows
 + Level 2.2 Throwing
 + Level 5.1 Armour
 + Level 3.4 Dodging
 + Level 2.2 Stealth
 + Level 2.2 Shields
 + Level 2.2 Unarmed Combat
 + Level 2.2 Spellcasting
 + Level 1.8 Conjurations
 + Level 1.8 Hexes
 + Level 1.8 Summonings
 + Level 1.8 Necromancy
 + Level 1.8 Translocations
 + Level 1.8 Transmutations
 + Level 1.8 Fire Magic
 + Level 1.8 Ice Magic
 + Level 1.8 Air Magic
 + Level 1.8 Earth Magic
 + Level 1.8 Poison Magic
 + Level 5.2 Invocations
 + Level 2.2 Evocations


You had 10 spell levels left.
You didn't know any spells.
Your spell library was empty.

Dungeon Overview and Level Annotations

Branches:
Dungeon (4/15)
 Temple: D:4-7

Altars:

Annotations:
D:3 Pikel


Innate Abilities, Weirdness & Mutations

You have very sharp teeth.
Your uncanny sense of smell can sniff out nearby items.
Your experience applies equally to all skills.


Message History

Aim: Pikel, wielding a +1 whip of freezing and wearing a +0 robe (translocational energy, moderately wounded, 53% to hit)
You throw a poisoned dart. The poisoned dart hits Pikel.
Pikel is poisoned.
Pikel is moderately wounded.
Throw: 4 darts (poison)
Press: ? - help, Q - select action, (/) - cycle Shift-Dir - straight line, f/p - Pikel
Aim: Pikel, wielding a +1 whip of freezing and wearing a +0 robe (moderately wounded, poisoned, 53% to hit)
You throw a poisoned dart. The poisoned dart misses Pikel.
Unknown command.
Throw: 3 darts (poison)
Press: ? - help, Q - select action, (/) - cycle Shift-Dir - straight line, f/p - Pikel
Aim: Pikel, wielding a +1 whip of freezing and wearing a +0 robe (moderately wounded, poisoned, 53% to hit)
You throw a poisoned dart. The poisoned dart hits Pikel.
Pikel looks even sicker.
Pikel is moderately wounded.
Pikel hits you with a +1 whip of freezing.
* * * LOW HITPOINT WARNING * * *
Pikel freezes you.
* * * LOW HITPOINT WARNING * * *
You hit the plant but do no damage.
The plant begins to die.
You bite the plant.
The plant is lightly damaged.
You slash Pikel! You burn Pikel. Pikel hits you but does no damage.
A nearby plant withers and dies.
Space bends sharply around you!
You blink.
Pikel hits you but does no damage.
Pikel looks more healthy.
Space bends around you!
You blink.
Throw: 2 darts (poison)
Press: ? - help, Q - select action, (/) - cycle Shift-Dir - straight line, f/p - Pikel
Aim: Pikel, wielding a +1 whip of freezing and wearing a +0 robe (severely wounded, 53% to hit)
You throw a poisoned dart. The poisoned dart hits Pikel.
Pikel is poisoned.
Pikel is severely wounded.
You see here 20 stones.
Throw: dart (poison)
Press: ? - help, Q - select action, (/) - cycle Shift-Dir - straight line, f/p - Pikel
Aim: Pikel, wielding a +1 whip of freezing and wearing a +0 robe (severely wounded, poisoned, 53% to hit)
You throw a poisoned dart. The poisoned dart hits Pikel.
Pikel looks even sicker.
Pikel is severely wounded.
Pikel hits you with a +1 whip of freezing.
You die...

#.# ##.###........ #.#
#.# ######.## #.# #.#
#.# #.############ #§#
#.#
#..>.........####§#
#.#
############.##.§.#
##.# #.##o### #..#
#.##§# #.## #@##.# #.#
#K##.# #.# #.##.# #.#
#(##.# #.### ####.##.#
#.... #....##.# #..##
#....##.#########..#
#..#.(.([).........#
#####
###..####.>[.....(...#


You could see Pikel (very poisoned).

Vanquished Creatures
  3 lemures (D:3)
  A scorpion (D:4)
  A gnoll shaman (D:4)
  2 hounds (D:4)
  An orc priest (D:2)
  Jessica (D:2)
  Natasha (D:4)
  3 orc wizards
  3 gnolls (D:4)
  3 adders
  A dart slug (D:1)
  A worm (D:2)
  13 orcs
  11 endoplasms
  A giant cockroach (D:2)
  7 goblins
  5 hobgoblins
  4 jackals
  8 kobolds
  3 quokkas
  6 ball pythons
  2 bats
  4 frilled lizards
  8 rats
93 creatures vanquished.

Vanquished Creatures (others)
  A plant (D:3)
  4 toadstools (D:4)
5 creatures vanquished.

Grand Total: 98 creatures vanquished

Notes
Turn   | Place    | Note
-------+----------+-------------------------------------------
     0 | Abyss:1  | Gargoyl the Gnoll Abyssal Knight began the quest for the
                  | Orb.
     0 | Abyss:1  | Reached XP level 1. HP: 23/23 MP: 3/3
    35 | Abyss:1  | Noticed a small abomination
    50 | Abyss:1  | Noticed an ice devil
    56 | Abyss:1  | Noticed a bone dragon
    65 | Abyss:1  | Noticed a tentacled starspawn
    66 | Abyss:1  | Noticed a large abomination
    72 | D:1      | Escaped the Abyss
   537 | D:1      | Reached * piety under Lugonu
   538 | D:1      | Reached XP level 2. HP: 25/29 MP: 5/5
  1052 | D:1      | Reached XP level 3. HP: 35/35 MP: 6/6
  1651 | D:2      | Noticed Jessica
  1656 | D:2      | Killed Jessica
  1657 | D:2      | Reached skill level 1 in Short Blades
  1657 | D:2      | Reached skill level 1 in Long Blades
  1657 | D:2      | Reached skill level 1 in Maces & Flails
  1657 | D:2      | Reached skill level 1 in Polearms
  1657 | D:2      | Reached skill level 1 in Staves
  1657 | D:2      | Reached skill level 1 in Slings
  1657 | D:2      | Reached skill level 1 in Bows
  1657 | D:2      | Reached skill level 1 in Crossbows
  1657 | D:2      | Reached skill level 1 in Throwing
  1657 | D:2      | Reached skill level 1 in Stealth
  1657 | D:2      | Reached skill level 1 in Shields
  1657 | D:2      | Reached skill level 1 in Unarmed Combat
  1657 | D:2      | Reached skill level 1 in Spellcasting
  1657 | D:2      | Reached skill level 1 in Evocations
  1657 | D:2      | Reached XP level 4. HP: 41/41 MP: 7/7
  1676 | D:2      | Reached ** piety under Lugonu
  1934 | D:2      | Reached skill level 1 in Conjurations
  1934 | D:2      | Reached skill level 1 in Hexes
  1934 | D:2      | Reached skill level 1 in Summonings
  1934 | D:2      | Reached skill level 1 in Necromancy
  1934 | D:2      | Reached skill level 1 in Translocations
  1934 | D:2      | Reached skill level 1 in Transmutations
  1934 | D:2      | Reached skill level 1 in Fire Magic
  1934 | D:2      | Reached skill level 1 in Ice Magic
  1934 | D:2      | Reached skill level 1 in Air Magic
  1934 | D:2      | Reached skill level 1 in Earth Magic
  1934 | D:2      | Reached skill level 1 in Poison Magic
  3302 | D:3      | Reached XP level 5. HP: 47/47 MP: 8/8
  3728 | D:3      | Found a faded altar of an unknown god.
  4285 | D:3      | HP: 2/47 [poisoned by a scorpion]
  4604 | D:4      | Reached skill level 5 in Invocations
  4610 | D:4      | Reached XP level 6. HP: 53/53 MP: 9/9
  4635 | D:4      | Noticed Natasha
  4646 | D:4      | Reached skill level 5 in Axes
  4646 | D:4      | Reached skill level 5 in Armour
  4646 | D:4      | Killed Natasha
  4808 | D:4      | Noticed Pikel
  5451 | D:2      | Reached XP level 7. HP: 53/59 MP: 10/10
  5580 | D:3      | Slain by Pikel

Illustrated notes

Levels and vault maps discovered:
D:1:      lemuel_arrival_muddy, layout_loops_corners, minmay_pentomino_q4
D:2:      layout_basic, uniq_jessica
D:3:      layout_loops_ring, chequers_ecumenical_altar_lobes, dk_noncrumbling_4
D:4:      layout_loops_ring, minmay_gold_behind_fungi, uniq_grinder, uniq_pikel,
          uniq_natasha

Skill      XL: |  1  2  3  4  5  6 |
---------------+-------------------+-----
Short Blades   | 1 2 |  2.2
Long Blades    | 1 2 |  2.2
Maces & Flails | 1 2 |  2.2
Polearms       | 1 2 |  2.2
Staves         | 1 2 |  2.2
Slings         | 1 2 |  2.2
Bows           | 1 2 |  2.2
Crossbows      | 1 2 |  2.2
Throwing       | 1 2 |  2.2
Stealth        | 1 2 |  2.2
Shields        | 1 2 |  2.2
Unarmed Combat | 1 2 |  2.2
Spellcasting   | 1 2 |  2.2
Evocations     | 1 2 |  2.2
Conjurations   | 1 |  1.8
Hexes          | 1 |  1.8
Summonings     | 1 |  1.8
Necromancy     | 1 |  1.8
Translocations | 1 |  1.8
Transmutations | 1 |  1.8
Fire Magic     | 1 |  1.8
Ice Magic      | 1 |  1.8
Air Magic      | 1 |  1.8
Earth Magic    | 1 |  1.8
Poison Magic   | 1 |  1.8
Dodging        | 3 |  3.4
Invocations    | 5 |  5.2
Axes           | 5 |  5.1
Armour         | 5 |  5.1
Fighting       | |  6.9

Action                   |  1- 3 |  4- 6 |  7- 9 || total
-------------------------+-------+-------+-------++-------
Melee: Hand axe          |    66 |    83 |       ||   149
       Bite              |     6 |    10 |     3 ||    19
       War axe           |       |    97 |    22 ||   119
       Punch             |       |     5 |       ||     5
Throw: Dart              |       |     2 |     6 ||     8
Invok: Depart the Abyss  |     1 |       |       ||     1
       Bend Space        |       |     2 |     3 ||     5
  Use: Scroll            |     2 |     4 |       ||     6
       Potion            |       |     5 |       ||     5
 Stab: Sleeping          |     4 |       |       ||     4
Armor: Leather armour    |    10 |     6 |       ||    16
       Chain mail        |       |    60 |     8 ||    68
       Ring mail         |       |     7 |       ||     7
Dodge: Dodged            |    39 |    80 |     3 ||   122
Block: Other             |     5 |    45 |     4 ||    54

Table legend: (Time is in decaauts)
 A = Elapsed time spent in this place.
 B = Non-inter-level travel time spent in this place.
 C = Inter-level travel time spent in this place.
 D = Time resting spent in this place.
 E = Time spent auto-exploring this place.
 F = Levels seen in this place.
 G = Mean time per level.
                   A        B        C        D        E       F      G
               +--------+--------+--------+--------+--------+-----+--------+
         Total |   5628 |   5150 |    478 |    553 |   3646 |   5 | 1125.6 |
       Dungeon |   5555 |   5077 |    478 |    553 |   3611 |   4 | 1388.8 |
         Abyss |     73 |     73 |      0 |      0 |     35 |   1 |   73.0 |
               +--------+--------+--------+--------+--------+-----+--------+

Top non-repeatable levels by time:
     D:3: 2058 daAuts
     D:1: 1743 daAuts
     D:2: 1494 daAuts
     D:4: 258 daAuts
 Abyss:1: 73 daAuts
